 Dungeon Crawl Stone Soup version 0.16.1-51-g6203257 (webtiles) character file.

53 gretch the Cudgeler (level 3, -2/23 HPs)
             Began as a Gargoyle Berserker on July 24, 2015.
             Was a Believer of Trog.
             Slain by a worm (3 damage)
             ... on level 2 of the Dungeon.
             The game lasted 00:03:07 (1451 turns).

gretch the Cudgeler (Gargoyle Berserker)            Turns: 1451, Time: 00:03:07

Health: -2/23      AC: 13    Str: 20    XL:     3   Next: 89%
Magic:  3/3        EV:  8    Int:  7    God:    Trog [**....]
Gold:   78         SH:  0    Dex: 10    Spells: 0 memorised, 2 levels left

rFire  . . .     SeeInvis .     a - +0 mace
rCold  + . .     Clarity  .     p - +2 chain mail {rC+}
rNeg   + . .     SustAb   .     (no shield)
rPois  ∞         Gourm    .     (no helmet)
rElec  +         Spirit   .     (no cloak)
rCorr  .         Warding  .     (no gloves)
rMut   .         Stasis   .     (no boots)
MR     .....                    (no amulet)
Stlth  ..........               (no ring)
                                j - ring of stealth

@: not resistant to hostile enchantments, extremely unstealthy
A: negative energy resistance 1, electricity resistance, unbreathing,
petrification resistance, rot immunity, AC +3
a: Burn Spellbooks, Berserk, Trog's Hand, Renounce Religion


You were on level 2 of the Dungeon.
You worshipped Trog.
Trog was pleased with you.
You were near starving.

You visited 1 branch of the dungeon, and saw 2 of its levels.

You collected 78 gold pieces.

Inventory:

Hand weapons
 a - a +0 mace (weapon)
Armour
 b - a +0 animal skin
 g - a +0 buckler
 p - a +2 chain mail of cold resistance (worn)
Jewellery
 j - a ring of stealth (left hand)
 r - an uncursed ring of see invisible {unknown}
Scrolls
 d - 5 scrolls of identify {unknown}
 e - a scroll of teleportation {unknown}
 h - 2 scrolls of remove curse {unknown}
 l - a scroll of fog {unknown}
 m - a scroll of immolation {unknown}
 q - a scroll of recharging {unknown}
Potions
 f - a potion of agility {unknown}
 n - a potion of curing {unknown}
Comestibles
 c - 2 bread rations
 i - a beef jerky
 k - a meat ration
 o - a slice of pizza


   Skills:
 - Level 3.2 Fighting
 + Level 4.6 Maces & Flails
 - Level 2.1 Armour
 - Level 1.5 Dodging


You had 2 spell levels left.
You didn't know any spells.

Dungeon Overview and Level Annotations

Branches:
Dungeon (2/15)

Altars:


Innate Abilities, Weirdness & Mutations

You are resistant to torment.
You are immune to poison.
Your stone body is very resilient (AC +3).
You resist negative energy.
You are resistant to electric shocks.
You can survive without breathing.
You are immune to petrification.
You are immune to rotting.


Message History

The worm is heavily wounded.
The giant newt barely misses you. The hobgoblin hits you.
The worm bites you but does no damage.
The giant newt bites you but does no damage.
You thump the worm!
The worm is severely wounded.
The hobgoblin hits you but does no damage.
The giant newt bites you but does no damage.
You hit the worm.
The worm is severely wounded.
The hobgoblin hits you.
* * * LOW HITPOINT WARNING * * *
The worm bites you.
* * * LOW HITPOINT WARNING * * *
The giant newt bites you but does no damage.
The hobgoblin hits you but does no damage.
You hit the worm.
The worm is almost dead.
The giant newt closely misses you. The worm bites you.
You die...

####.....#
.########.....##
>.......'.....+.
.########.....## ..
##+##### #.....##
...####......####.....##
...$$........'..'.....+.
#........w....####.....##
#....?.g@l....####.......
#........†#####..........
.........# #..........
.........# #..........
.........# #..........
........# #....######
######## #....# #....#
#....#


You could see a worm, a hobgoblin and a giant newt.

Vanquished Creatures
  3 worms (D:2)
  A giant gecko (D:2)
  3 oozes
  3 hobgoblins
  2 jackals (D:1)
  5 kobolds
  A bat (D:1)
  3 giant newts (D:2)
  5 goblins
  8 rats
34 creatures vanquished.

Notes
Turn   | Place    | Note
--------------------------------------------------------------
     0 | D:1      | gretch, the Gargoyle Berserker, began the quest for the Orb.
     0 | D:1      | Reached XP level 1. HP: 14/14 MP: 1/1
     1 | D:1      | Noticed an electric eel
   224 | D:1      | Reached XP level 2. HP: 10/19 MP: 2/2
   967 | D:2      | Reached skill level 4 in Maces & Flails
   967 | D:2      | Reached XP level 3. HP: 23/23 MP: 3/3
  1059 | D:2      | Acquired Trog's second power
  1450 | D:2      | HP: 1/23 [worm (4)]
  1451 | D:2      | Slain by a worm

Action                   || total
-------------------------++-------
Melee: Mace              ||   139
Invok: Berserk           ||     1
  Eat: Chunk             ||     1
